 Dungeon Crawl Stone Soup version 0.17.1-1-g73c8601 (webtiles) character file.

523 Peloso the Shield-Bearer (level 7, -1/61 HPs)
             Began as a Minotaur Fighter on Jan 2, 2016.
             Slain by Menkaure (15 damage)
             ... on level 4 of the Dungeon.
             The game lasted 00:09:13 (3601 turns).

Peloso the Shield-Bearer (Minotaur Fighter)         Turns: 3601, Time: 00:09:13

Health: -1/61      AC:  9    Str: 21    XL:     7   Next: 2%
Magic:  6/6        EV:  6    Int:  5    God:
Gold:   125        SH: 10    Dex: 11    Spells: 0 memorised, 6 levels left

rFire  . . .     SeeInvis .     a - +0 long sword
rCold  . . .     Clarity  .     g - +0 chain mail
rNeg   . . .     SustAt   .     c - +0 shield
rPois  +         Gourm    .     (helmet restricted)
rElec  .         Spirit   .     (no cloak)
rCorr  .         Warding  .     (no gloves)
rMut   .         Stasis   .     (no boots)
MR     .....                    (no amulet)
Stlth  ..........               u - ring of flight
                                A - ring of poison resistance

@: not resistant to hostile enchantments, extremely unstealthy
A: retaliatory headbutt, horns 2
a: Evoke Flight


You were on level 4 of the Dungeon.
You were not hungry.

You visited 1 branch of the dungeon, and saw 4 of its levels.

You collected 125 gold pieces.

Inventory:

Hand Weapons
 a - a +0 long sword (weapon)
Armour
 b - a +0 scale mail
 c - a +0 shield (worn)
 g - a +0 chain mail (worn)
Jewellery
 h - an uncursed ring of fire
 u - a ring of flight (right hand)
 A - a ring of poison resistance (left hand)
Scrolls
 f - 3 scrolls of amnesia {unknown}
 k - 5 scrolls of teleportation {unknown}
 o - a scroll of enchant weapon {unknown}
 s - a scroll of random uselessness {unknown}
 t - a scroll of fear {unknown}
 w - 2 scrolls of recharging {unknown}
 y - 2 scrolls of remove curse {unknown}
 B - a scroll of enchant armour {unknown}
 D - a scroll of fog {unknown}
Potions
 d - a potion of might
 i - a potion of agility {unknown}
 j - a potion of berserk rage {unknown}
 l - a potion of poison {unknown}
 n - a potion of lignification {unknown}
 p - 2 potions of heal wounds {unknown}
 r - a potion of haste {unknown}
 v - a potion of flight {unknown}
 x - a potion of cancellation {unknown}
 C - a potion of magic {unknown}
Comestibles
 e - 4 bread rations
 m - a meat ration
 q - 3 fruits
 z - 2 royal jellies


   Skills:
 + Level 5.4 Fighting
 + Level 4.6 Long Blades
 + Level 5.4 Armour
 + Level 2.3 Dodging
 + Level 0.5 Stealth
 + Level 5.7 Shields


You had 6 spell levels left.
You didn't know any spells.

Dungeon Overview and Level Annotations

Branches:
Dungeon (4/15)
 Temple: D:4-7

Altars:
Ashenzari
Fedhas

Annotations:
D:4 Menkaure


Innate Abilities, Weirdness & Mutations

You reflexively headbutt those who attack you in melee.
You have a pair of horns on your head.


Message History

You continue eating. x2
Some of the chunks of flesh in your inventory have rotted away.
All of the chunks of flesh in your inventory have rotted away.
HP restored.
D - a scroll labeled UQIHIA VULL Menkaure, Prince of Dust comes into view.
Menkaure shouts!
Menkaure is nearby!
Menkaure calls on the powers of darkness!
Your body is wracked with pain!
Menkaure casts a spell at you. Pain shoots through your body!
You completely miss Menkaure.
Menkaure points at you and mumbles some strange words.
Pain shoots through your body!
* * * LOW HITPOINT WARNING * * *
You hit Menkaure.
Menkaure is moderately damaged.
Menkaure hits you!
You die...

###.##.#..# #.
#.##....## #.
#.###....###.
##........)...
#.........####
##.###....#####
#..............
#########..####.#.#####
#....M@.#..# #........
#.#####....# #########
#....# # #.#..# #
#.#..# # #.#..# #
..#..# ## ###... #.
##.## ##


You could see Menkaure.

Vanquished Creatures
  2 ogres (D:4)
  A giant frog (D:4)
  3 orc priests
  A worker ant (D:4)
  A gnoll (D:1)
  6 adders
  2 oozes
  2 worms
  A giant gecko (D:2)
  12 orcs
  A ball python (D:2)
  6 bats
  5 giant cockroaches
  4 goblins
  12 hobgoblins
  4 jackals (D:4)
  2 quokkas (D:2)
  4 giant newts
  9 kobolds
  6 rats
  2 plants (D:1)
86 creatures vanquished.

Vanquished Creatures (others)
  A plant (D:1)
1 creature vanquished.

Grand Total: 87 creatures vanquished

Notes
Turn   | Place    | Note
--------------------------------------------------------------
     0 | D:1      | Peloso the Minotaur Fighter began the quest for the Orb.
     0 | D:1      | Reached XP level 1. HP: 19/19 MP: 0/0
    66 | D:1      | Reached skill level 4 in Shields
    66 | D:1      | Reached XP level 2. HP: 6/27 MP: 1/1
   523 | D:1      | Reached XP level 3. HP: 33/33 MP: 2/2
  1762 | D:2      | Reached XP level 4. HP: 41/41 MP: 3/3
  1844 | D:3      | Reached skill level 1 in Dodging
  2189 | D:3      | Reached XP level 5. HP: 42/47 MP: 4/4
  2538 | D:3      | Found a shattered altar of Ashenzari.
  2821 | D:4      | Reached skill level 5 in Fighting
  2821 | D:4      | Reached skill level 5 in Shields
  2821 | D:4      | Reached XP level 6. HP: 49/56 MP: 5/5
  2873 | D:4      | Noticed an ogre
  2882 | D:4      | Killed an ogre
  2882 | D:4      | Reached skill level 5 in Armour
  3180 | D:4      | Found a blossoming altar of Fedhas.
  3326 | D:4      | Reached XP level 7. HP: 10/61 MP: 6/6
  3594 | D:4      | Noticed Menkaure
  3601 | D:4      | Slain by Menkaure

Action                   |  1- 3 |  4- 6 |  7- 9 || total
-------------------------+-------+-------+-------++-------
Melee: Long sword        |   165 |   138 |     2 ||   305
  Eat: Chunk             |     3 |     5 |     1 ||     9
